 Dungeon Crawl Stone Soup version 0.28-a0-479-g5baa6b73be (webtiles) character file.

Game seed: 4133728501373372528

0 DungeonMaster the Conjurer (level 1, 0/11 (15) HPs)
             Began as a Demonspawn Wanderer on Sept 18, 2021.
             Slain by a kobold (1 damage)
             ... on level 1 of the Dungeon.
             The game lasted 00:00:19 (98 turns).

DungeonMaster the Conjurer (Demonspawn Wanderer)      Turns: 98, Time: 00:00:20

HP:   0/11 (15)     AC:  2    Str: 15    XL:     1   Next: 8%
MP:   3/3           EV: 11    Int: 11    God:
Gold: 0             SH:  0    Dex: 11    Spells: 3/4 levels left

rFire   . . .      SeeInvis .   a - +2 hand axe
rCold   . . .      Faith    .   (no shield)
rNeg    . . .      Spirit   .   c - +0 robe
rPois   .          Reflect  .   (no helmet)
rElec   .          Harm     .   (no cloak)
rCorr   .          Rampage  .   (no gloves)
Will    .....                   (no boots)
Stlth   +.........              (no amulet)
HPRegen 0.03/turn               (no ring)
MPRegen 0.08/turn               (no ring)

@: very heavily drained
A: no striking features
a: no special abilities


You were on level 1 of the Dungeon.
You visited 1 branch of the dungeon, and saw 1 of its levels.

Inventory:

Hand Weapons
 a - a +2 hand axe (weapon)
Armour
 c - a +0 robe (worn)
Scrolls
 d - a scroll of identify {unknown}
Potions
 b - a potion of curing


   Skills:
 * Level 1.0 Fighting
 - Level 1.7 Axes
 - Level 1.0 Throwing
 * Level 0.0 Dodging
 - Level 1.0 Stealth
 - Level 2.0 Spellcasting
 - Level 2.0 Conjurations
 - Level 1.1 Necromancy


You had 3 spell levels left.
You knew the following spells:

 Your Spells              Type           Power      Damage    Failure   Level
a - Freeze                Ice            4%         1d3       28%         1

Your spell library contained the following spells:

 Spells                   Type           Power      Damage    Failure   Level
 Frozen Ramparts          Ice            2%         1d2       65%         3


Dungeon Overview and Level Annotations

Branches:
Dungeon (1/15)

Altars:

Shops:
D:1 (


Message History

A kobold comes into view.
It is wielding a +2 short sword of draining.
The kobold shouts!
You hear an angry hiss.
Found Dakheche's Antique Weapon Shop.
A ball python comes into view.
The kobold hits you with a +2 short sword of draining.
You feel drained.
You barely miss the kobold.
The kobold hits you with a +2 short sword of draining.
You feel drained.
You barely miss the kobold.
A rat comes into view.
The kobold hits you with a +2 short sword of draining.
* * * LOW HITPOINT WARNING * * *
You feel drained.
You are too injured to fight recklessly!
You are too injured to fight recklessly!
You are too injured to fight recklessly!
You are too injured to fight recklessly!
You are too injured to fight recklessly!
You are too injured to fight recklessly!
You are too injured to fight recklessly!
You are too injured to fight recklessly!
You are too injured to fight recklessly!
You are too injured to fight recklessly!
You are too injured to fight recklessly!
You are too injured to fight recklessly!
You are too injured to fight recklessly!
You are too injured to fight recklessly!
You are too injured to fight recklessly!
You are too injured to fight recklessly!
You are too injured to fight recklessly!
You are too injured to fight recklessly!
You are too injured to fight recklessly!
You are too injured to fight recklessly!
You hit the kobold.
The kobold is moderately wounded.
The kobold hits you with a +2 short sword of draining.
* * * LOW HITPOINT WARNING * * *
You feel drained.
You die...

.∩.. ... #.#. ...
+# ..... .. .#
..... #.#. .#
...... ..# .#
....Sr##.## .#
#.....K...# .#
#......@..##.#
#..........#.##.##
#...######.#.....#
... #####..###..#
. #...........#
#.####.##.).###
+...#......
##..#..######
#...........#


You could see a ball python, a kobold and a rat.

Vanquished Creatures
  A kobold (D:1)
  3 toadstools (D:1)
4 creatures vanquished.

Notes
Turn   | Place    | Note
-------+----------+-------------------------------------------
     0 | D:1      | DungeonMaster the Demonspawn Wanderer began the quest for
                  | the Orb.
     0 | D:1      | DungeonMaster set off with the following items: a +2 hand
                  | axe, a potion of curing, a +0 robe; and the following spell
                  | memorised: Freeze; and the following spells available to
                  | memorise: Frozen Ramparts
     0 | D:1      | Reached XP level 1. HP: 15/15 MP: 3/3
    95 | D:1      | Found Dakheche's Antique Weapon Shop.
    98 | D:1      | Slain by a kobold

Illustrated notes

Levels and vault maps discovered:
D:1:      ldierk_water_garden, layout_basic, serial_shops,
          nicolae_shop_statue_plus, nicolae_shop_crystal,
          nicolae_shop_behind_doors, hellmonk_ecumenical_altar_slurped_away

Action                   || total
-------------------------++-------
Melee: Hand axe          ||    10
Armor: Robe              ||     1
Dodge: Dodged            ||     2

Table legend: (Time is in decaauts)
 A = Elapsed time spent in this place.
 B = Non-inter-level travel time spent in this place.
 C = Inter-level travel time spent in this place.
 D = Time resting spent in this place.
 E = Time spent auto-exploring this place.
 F = Levels seen in this place.
 G = Mean time per level.
                   A        B        C        D        E       F      G
               +--------+--------+--------+--------+--------+-----+--------+
         Total |     99 |     99 |      0 |      0 |     70 |   1 |   99.0 |
       Dungeon |     99 |     99 |      0 |      0 |     70 |   1 |   99.0 |
               +--------+--------+--------+--------+--------+-----+--------+

Top non-repeatable levels by time:
     D:1: 99 daAuts
